 Dungeon Crawl Stone Soup version 0.20.1-1-g8b1a95d (webtiles) character file.

1716 renl the Shield-Bearer (level 9, -6/67 HPs)
             Began as a Formicid Fighter on July 19, 2017.
             Was an Initiate of Qazlal.
             Killed by divine providence
             ... invoked by an orc priest
              (15 damage)
             ... on level 6 of the Dungeon.
             The game lasted 00:20:09 (6585 turns).

renl the Shield-Bearer (Formicid Fighter)           Turns: 6585, Time: 00:20:09

Health: -6/67      AC: 10    Str: 24    XL:     9   Next: 24%
Magic:  11/11      EV:  7    Int:  8    God:    Qazlal [......]
Gold:   255        SH: 11    Dex: 12    Spells: 8/8 levels left

rFire    . . .     SeeInvis +   a - +0 long sword
rCold    . . .     Gourm    .   c - +0 shield
rNeg     . . .     Faith    .   G - +0 chain mail
rPois    .         Spirit   .   (helmet unavailable)
rElec    .         Reflect  .   (no cloak)
rCorr    .         Harm     .   (no gloves)
MR       +....                  (no boots)
Stlth    ..........             (no amulet)
Regen    0.3/turn               C - +2 ring of dexterity
MPRegen  0.2/turn               A - ring of protection from magic

@: no status effects
A: permanent stasis, dig shafts and tunnels, four strong arms, antennae 3
a: Dig, Shaft Self, Renounce Religion


You were on level 6 of the Dungeon.
You worshipped Qazlal.
Qazlal was noncommittal.
You were not hungry.

You visited 2 branches of the dungeon, and saw 7 of its levels.

You collected 255 gold pieces.

Inventory:

Hand Weapons
 a - a +0 long sword (weapon)
 I - the +2 hand crossbow "Haecaufi" {venom, rPois rN+ Int+3}
   (You found it on level 6 of the Dungeon)

   It poisons the ammo it fires.
   It affects your intelligence (+3).
   It protects you from poison.
   It protects you from negative energy.
Missiles
 y - 4 tomahawks (quivered)
Armour
 c - a +0 shield (worn)
 G - a +0 chain mail (worn)
Jewellery
 i - an uncursed ring of positive energy
 p - a +4 ring of intelligence
 A - a ring of protection from magic (right hand)
 C - a +2 ring of dexterity (left hand)
Wands
 b - a wand of acid (5/15)
 x - a wand of enslavement (18/24)
 F - a wand of flame (16/48)
Scrolls
 e - 3 scrolls of teleportation
 h - a scroll of remove curse
 j - 2 scrolls of recharging
 m - a scroll of amnesia {unknown}
 n - 2 scrolls of identify {unknown}
 o - a scroll of enchant armour {unknown}
 v - a scroll of fog {unknown}
 w - a scroll of blinking {unknown}
 z - a scroll of magic mapping {unknown}
 B - 2 scrolls of fear {unknown}
 H - a scroll of enchant weapon {unknown}
Potions
 d - a potion of might
 k - 2 potions of mutation {unknown}
 l - a potion of flight {unknown}
 q - a potion of resistance {unknown}
 r - a potion of haste {unknown}
 t - a potion of heal wounds {unknown}
 u - a potion of lignification {unknown}
Comestibles
 f - 3 bread rations
 g - a royal jelly
 s - 3 meat rations
 E - 2 fruits


   Skills:
 + Level 4.9 Fighting
 + Level 7.1 Long Blades
 + Level 6.7 Armour
 + Level 7.3 Shields
 * Level 3.5 Invocations
 + Level 0.2 Evocations


You had 8 spell levels left.
You didn't know any spells.

Dungeon Overview and Level Annotations

Branches:
Dungeon (6/15)             Temple (1/1) D:4

Altars:
Ashenzari
Cheibriados
Dithmenos
Fedhas
Hepliaklqana
Kikubaaqudgha
Makhleb
Nemelex Xobeh
Okawaru
Qazlal
Ru
Trog
Uskayaw
Xom
Yredelemnul
Zin
The Shining One

Annotations:
D:6 renl's ghost, novice DsFi


Innate Abilities, Weirdness & Mutations

You cannot be hasted, slowed, berserked, paralysed or teleported.
You can dig through walls and to a lower floor.
Your four strong arms can wield two-handed weapons with a shield.
You have a pair of large antennae on your head. (SInv)


Message History

The orc priest is heavily wounded.
You block the orc's attack. The orc hits you but does no damage.
The orc priest barely misses you.
An orc comes into view.
Your chain mail prevents you from hitting the orc priest.
The orc priest is heavily wounded.
You block the orc's attack. The orc closely misses you.
The orc priest hits you but does no damage.
You barely miss the orc priest.
The orc priest is heavily wounded.
The orc closely misses you.
The orc wizard casts a spell.
The orc wizard seems to speed up.
You block the orc's attack.
The orc priest hits you but does no damage.
You hit the orc priest.
The orc priest is severely wounded.
You block the orc's attack. x2
The orc priest calls down the wrath of Beogh upon you.
Beogh smites you!
You die...

.......(##..... ....
................. ....
#. #......# ..$..#.
#.....<# { .....#.
#......# ..##
........... #......# .
#..##... .......
#......####.... #.......
......o###..............
#..#...
.o...?o@o..#.########...
#..[.## .......####..#
....... ....... .....#
....### ....... #......#
..=...# .$..o..#.......#
......# .......#.......#
......# .#.........o....
......# ..#..### ......
......##.#


You could see an orc priest, an orc wizard and 3 orcs.

Vanquished Creatures
  The ghost of Triskal the Changer, a novice DrTm of Makhleb (D:4)
  Sigmund (D:5)
  An ice beast (D:6)
  An ogre (D:3)
  A phantom (D:4)
  A centaur (D:4)
  2 bullfrogs
  A scorpion (D:5)
  5 crimson imps
  A jelly (D:5)
  An orc wizard (D:6)
  3 orc priests
  Jessica (D:2)
  A bullfrog skeleton (D:5)
  2 iguanas (D:4)
  3 worker ants
  A hound skeleton (D:6)
  A worker ant zombie (D:5)
  3 gnolls
  11 adders
  A shadow imp (D:5)
  An ooze (D:4)
  An adder skeleton (D:5)
  4 worms
  2 leopard geckos
  17 orcs
  6 bats
  8 giant cockroaches
  6 goblins
  10 hobgoblins
  2 jackals (D:3)
  3 ball pythons
  5 frilled lizards
  A jackal skeleton (D:4)
  6 kobolds
  A quokka zombie (D:5)
  7 rats
123 creatures vanquished.

Notes
Turn   | Place    | Note
-------+----------+-------------------------------------------
     0 | D:1      | renl the Formicid Fighter began the quest for the Orb.
     0 | D:1      | Reached XP level 1. HP: 18/18 MP: 1/1
   302 | D:1      | Reached XP level 2. HP: 24/24 MP: 2/2
   731 | D:2      | Reached XP level 3. HP: 29/29 MP: 3/3
   780 | D:2      | Found a sacrificial altar of Ru.
   782 | D:2      | Found an ancient bone altar of Kikubaaqudgha.
   784 | D:2      | Found an iron altar of Okawaru.
  1011 | D:2      | Noticed Jessica
  1022 | D:2      | Killed Jessica
  1022 | D:2      | Reached XP level 4. HP: 17/36 MP: 4/4
  1741 | D:3      | Reached XP level 5. HP: 20/42 MP: 5/5
  1977 | D:3      | Noticed an ogre
  1991 | D:3      | Killed an ogre
  1991 | D:3      | Reached XP level 6. HP: 24/48 MP: 6/6
  2398 | D:3      | Reached skill level 5 in Shields
  2851 | D:3      | Found a faded altar of an unknown god.
  2921 | D:3      | Found a shimmering altar of Xom.
  3212 | D:4      | Reached XP level 7. HP: 16/54 MP: 7/7
  3437 | D:4      | Noticed Triskal's ghost (novice DrTm)
  3469 | D:4      | Killed Triskal's ghost
  3469 | D:4      | Reached skill level 5 in Long Blades
  3469 | D:4      | Reached skill level 5 in Armour
  3681 | D:4      | Reached XP level 8. HP: 35/61 MP: 8/8
  3864 | D:4      | Found a hide-covered altar of Uskayaw.
  3867 | D:4      | Noticed a hand axe
  3868 | D:4      | Noticed a hand axe
  4015 | D:4      | Found a staircase to the Ecumenical Temple.
  4049 | Temple   | Entered the Ecumenical Temple
  4183 | Temple   | Became a worshipper of Qazlal Stormbringer
  4455 | D:4      | Found an iron altar of Okawaru.
  4759 | D:5      | Entered Level 5 of the Dungeon
  4834 | D:5      | Found a shadowy altar of Dithmenos.
  5159 | D:5      | Found a shattered altar of Ashenzari.
  5167 | D:5      | Reached skill level 1 in Invocations
  5365 | D:5      | Noticed Sigmund
  5375 | D:5      | Killed Sigmund
  5891 | D:5      | Reached XP level 9. HP: 54/67 MP: 10/10
  5926 | D:6      | Noticed renl's ghost (novice DsFi)
  6094 | D:6      | Got a twisted hand crossbow
  6095 | D:6      | Identified the +2 hand crossbow "Haecaufi" {venom, rPois rN+ Int+3} (You found it on level 6 of the Dungeon)
  6585 | D:6      | Killed from afar by an orc priest

Skill      XL: |  1  2  3  4  5  6  7  8  9 |
---------------+----------------------------+-----
Shields        | 4 5 6 7 |  7.3
Long Blades    | 3 4 5 6 7 |  7.1
Armour         | 4 5 6 |  6.7
Fighting       | 4 |  4.9
Invocations    | 2 3 |  3.5
Evocations     | |  0.2

Action                   |  1- 3 |  4- 6 |  7- 9 || total
-------------------------+-------+-------+-------++-------
Melee: Long sword        |    82 |   211 |   314 ||   607
Evoke: Wand              |       |       |     3 ||     3
  Use: Scroll            |       |       |     3 ||     3
  Eat: Chunk             |       |     8 |    11 ||    19
Armor: Scale mail        |    39 |   106 |    43 ||   188
       Chain mail        |       |       |    27 ||    27
Dodge: Dodged            |    26 |    86 |    89 ||   201
Block: Shield            |    31 |   132 |   172 ||   335
       Rpst.: Long sword |     6 |    30 |    22 ||    58
